General information
- name: Partida local (miguel)
- type: Custom game
- host: miguel
- saver: miguel
map: BanditRidge
- players: 2
- length: 39:42
- speed: Fast
- version: 1.26 W3XP
- replay type: Public
» download(188 KB)
Players
team 1 (winner)
miguel (
brown | 57 APM | 2254 actions | 39:42)
10 Tauren Chieftain
3 Endurance Aura
3 War Stomp
3 Shockwave
1 Reincarnation
» actions
| Assign group hotkey | 89 | |
| Basic commands | 11 | |
| Build / train | 102 | |
| Enter build submenu | 26 | |
| Enter hero's abilities submenu | 10 | |
| Give item / drop item | 1 | |
| Remove unit from queue | 5 | |
| Right click | 1231 | |
| Select / deselect | 476 | |
| Select group hotkey | 169 | |
| Use ability | 134 | |
2254 total
» units
| Peon | 13 | |
| Troll Headhunter/Berserker | 16 | |
| Troll Batrider | 15 | |
| Demolisher | 1 | |
| Goblin Sapper | 4 | |
| Kodo Beast | 6 | |
55 total
» upgrades
| Ranged Weapons | 3 | |
| Troll Regeneration | 1 | |
| Armor | 2 | |
| Liquid Fire | 1 | |
| Berserker Upgrade | 1 | |
| War Drums Damage Increase | 1 | |
| Witch Doctor Training | 1 | |
10 total
» buildings
| Altar of Storms | 1 | |
| Orc Burrow | 8 | |
| Barracks | 2 | |
| Voodoo Lounge | 1 | |
| War Mill | 1 | |
| Stronghold | 1 | |
| Watch Tower | 5 | |
| Great Hall | 2 | |
| Beastiary | 2 | |
| Fortress | 1 | |
| Spirit Lodge | 1 | |
25 total
» build order
00:06 Altar of Storms
00:07 Orc Burrow
00:33 Orc Burrow
01:18 Barracks
01:50 Voodoo Lounge
02:05 War Mill
02:51 Barracks
04:25 Stronghold
05:39 Watch Tower
05:41 Watch Tower
05:44 Watch Tower
05:50 Orc Burrow
06:49 Orc Burrow
08:03 Great Hall
09:30 Beastiary
10:00 Watch Tower
10:04 Watch Tower
14:02 Orc Burrow
14:17 Fortress
14:21 Orc Burrow
17:52 Orc Burrow
21:33 Beastiary
28:48 Orc Burrow
35:41 Great Hall
36:56 Spirit Lodge
» items
| Healing Salve | 5 | |
| Scroll of Speed | 3 | |
| Scroll of Healing | 1 | |
| Potion of Lesser Invulnerability | 1 | |
| Potion of Healing | 4 | |
| Scroll of Town Portal | 2 | |
| Potion of Mana | 1 | |
| Orb of Lightning | 1 | |
18 total
team 2 (loser)
kodachi (
green | 54 APM | 2138 actions | 39:40)
5 Far Seer
3 Feral Spirit
2 Chain Lighting
2 Shadow Hunter
1 Healing Wave
1 Hex
» actions
| Assign group hotkey | 25 | |
| Basic commands | 1 | |
| Build / train | 88 | |
| Enter build submenu | 35 | |
| Enter hero's abilities submenu | 8 | |
| Remove unit from queue | 9 | |
| Right click | 1304 | |
| Select / deselect | 472 | |
| Select group hotkey | 86 | |
| Use ability | 110 | |
2138 total
» units
| Peon | 17 | |
| Grunt | 13 | |
| Troll Headhunter/Berserker | 10 | |
| Wind Rider | 4 | |
| Demolisher | 1 | |
| Kodo Beast | 2 | |
| Raider | 3 | |
| Tauren | 3 | |
53 total
» upgrades
| Pillage | 1 | |
| Berserker Strength | 1 | |
| Armor | 1 | |
| Ensnare | 1 | |
| Envenomed Spears | 1 | |
| Troll Regeneration | 0 | |
5 total
» buildings
| Altar of Storms | 1 | |
| Orc Burrow | 7 | |
| Barracks | 1 | |
| War Mill | 3 | |
| Voodoo Lounge | 2 | |
| Stronghold | 1 | |
| Watch Tower | 11 | |
| Great Hall | 2 | |
| Beastiary | 2 | |
| Fortress | 1 | |
| Tauren Totem | 2 | |
33 total
» build order
00:08 Altar of Storms
00:13 Orc Burrow
00:21 Barracks
01:50 Orc Burrow
02:41 War Mill
02:54 Orc Burrow
03:06 Voodoo Lounge
04:26 Stronghold
05:40 Watch Tower
05:47 Watch Tower
05:48 Watch Tower
06:35 Watch Tower
06:41 Watch Tower
07:22 Orc Burrow
08:07 War Mill
09:58 Great Hall
10:52 Watch Tower
12:22 Beastiary
12:36 Watch Tower
13:57 Great Hall
14:40 Watch Tower
14:46 Watch Tower
15:48 Voodoo Lounge
16:22 Fortress
16:39 Orc Burrow
18:28 Watch Tower
20:56 Beastiary
21:37 Tauren Totem
23:33 Tauren Totem
23:48 Orc Burrow
23:49 Orc Burrow
27:14 War Mill
32:39 Watch Tower
» items
| Healing Salve | 3 | |
| Lesser Clarity Potion | 1 | |
| Potion of Mana | 3 | |
| Scroll of Town Portal | 1 | |
| Potion of Healing | 1 | |
| Orb of Lightning | 1 | |
10 total
Chat log
(00:15 / All) miguel: toy por probar una tactica pionera...
(00:44 / All) kodachi: pero luego no digas qeu te gano porqeu estabas experimentando
(00:49 / All) miguel: :)
(22:18 / All) miguel: esta tactica solo me la puedes contrarestar con taures y doctores
(28:51 / All) kodachi: me la has jugado tío
(29:01 / All) kodachi: no esperaa trols
(29:04 / All) miguel: en verdad los bathriders no han funcionado bien
(29:10 / All) kodachi: jajajaj
(29:14 / All) kodachi: es ke son una caca
(29:16 / All) miguel: lo qe te voy a hacer no te lo esperas tampoco
(30:41 / All) miguel: correcto , kodos masivos
(30:46 / All) miguel: es un counter para los taurens :)
(34:15 / All) miguel: por mis antepasados
(35:25 / All) miguel: por el jefe y las tribus
(35:48 / All) kodachi: eres un cabron
(35:58 / All) miguel: xD
(39:33 / All) kodachi: ala
(39:36 / All) kodachi: ya está